 Dungeon Sprint DCSS version bcrawl-1.22 (webtiles) character file.

Game seed: 10060938506634984623

868 Chiseanne the Fighter (level 7, 0/66 HPs)
             Began as a Demonspawn Archaeologist on May 7, 2020.
             Was an Initiate of Gozag.
             Slain by a deep troll (15 damage)
             ... in the Dungeon (Sprint I: "Red Sonja").
             The game lasted 00:05:53 (931 turns).

Chiseanne the Fighter (Demonspawn Archaeologist)     Turns: 931, Time: 00:05:54

Health: 0/66       AC: 12    Str: 12    XL:     7   Next: 73%
Magic:  7/7        EV:  8    Int: 16    God:    Gozag
Gold:   436        SH:  9    Dex: 12    Spells: 6/6 levels left

rFire    . . .     SeeInvis .   a - +2 short sword (venom)
rCold    . . .     Gourm    .   j - +0 medium shield
rNeg     . . .     Faith    .   n - +0 chain mail
rPois    .         Spirit   .   c - +1 hat
rElec    .         Reflect  .   (no cloak)
rCorr    .         Harm     .   (no gloves)
MR       .....     NoTele   +   (boots unavailable)
Stlth    ..........             (no amulet)
HPRegen  0.21/turn              (no ring)
MPRegen  0.10/turn              (no ring)

@: no status effects
A: talons 3, demonic guardian 1, spiny 1, sturdy frame 1
a: Potion Petition, Call Merchant, Bribe Branch, Renounce Religion


You were in the Dungeon.
You worshipped Gozag.
Gozag was aware of your devotion.
You were not hungry.

You visited 1 branch You collected 436 gold pieces.

Inventory:

Hand Weapons
 a - a +2 short sword of venom (weapon)
 q - a +0 hunting sling
 w - a +0 blowgun
Missiles
 b - a throwing net (quivered) {!f}
 h - a curare-tipped needle
 i - 217 sling bullets
Armour
 c - a +1 hat (worn)
 d - a +1 pair of boots
 j - a +0 medium shield (worn)
 n - a +0 chain mail (worn)
Scrolls
 g - a scroll of magic mapping
 m - a scroll of blinking
Potions
 f - a potion of invisibility {unknown}
 k - 2 potions of magic
Comestibles
 e - a ration {!d}


   Skills:
 * Level 10.2 Fighting
   Level 0.8 Maces & Flails
 * Level 8.4 Armour
 - Level 8.3 Dodging
 - Level 3.0 Stealth
 * Level 4.7 Shields


You had 6 spell levels left.
You didn't know any spells.
Your spell library was empty.

Dungeon Overview and Level Annotations

Branches:
Dungeon (1/1)

Altars:
Cheibriados
Dithmenos
Elyvilon
Fedhas
Gozag
Hepliaklqana
Kikubaaqudgha
Nemelex Xobeh
Okawaru
Qazlal
Ru
Sif Muna
Trog
Uskayaw
Vehumet
Wu Jian
Yredelemnul
Zin
The Shining One

Shops:
D %*


Innate Abilities, Weirdness & Mutations

You have claws for feet.
A weak demonic guardian rushes to your aid.
You are partially covered in sharp spines.
Your movements are slightly less encumbered by armour. (ER -2)


Message History

The deep troll bites your ufetubus!
Your ufetubus dies!
The deep troll shouts!
Your shield and chain mail prevent you from hitting the deep troll.
The deep troll is heavily wounded.
The deep troll bites you.
The deep troll claws you but does no damage.
The deep troll claws you!
You hit the deep troll but do no damage.
You claw the deep troll, but do no damage.
The deep troll is heavily wounded.
You block the deep troll's attack. x2; The deep troll claws you!
You hit the deep troll but do no damage.
The deep troll looks more poisoned.
The deep troll is heavily wounded.
The deep troll bites you!
* * * LOW HITPOINT WARNING * * *
The deep troll claws you!
You die...
Your body crumbles into a pile of gold.

#.)#####'#####'# $
#..####..#...#.# $ $
#..#__####..##.# $$
#..#_____##'#_.+
#⌠⌠#_.∩...'.)._# $$
####_..__##_.#'#
$$#_____###'#.# $ $
############.####+###$
$
#∩........'..@T$$.$$+
###++++####5..#######
$ ##.## $#+#$ $ $ $ $
$ $ $$ $ $


You could see a deep troll and a friendly iron imp.

Vanquished Creatures
  Sonja (D)
  Sigmund (D)
  A yak (D)
  An ogre (D)
  Ijyb (D)
5 creatures vanquished.

Vanquished Creatures (collateral kills)
  A jelly (D)
1 creature vanquished.

Vanquished Creatures (others)
  A gargoyle (D)
1 creature vanquished.

Grand Total: 7 creatures vanquished

Notes
Turn   | Place    | Note
-------+----------+-------------------------------------------
     0 | D        | Chiseanne the Demonspawn Archaeologist began the quest for
                  | the Orb.
     0 | D        | Reached XP level 1. HP: 15/15 MP: 1/1
     1 | D        | Noticed Ijyb
    90 | D        | Killed Ijyb
    90 | D        | Reached skill level 4 in Fighting
    90 | D        | Gained mutation: You have sharp toenails. [demonic
                  | ancestry]
    90 | D        | Reached XP level 2. HP: 25/25 MP: 2/2
   187 | D        | Noticed an ogre
   192 | D        | Killed an ogre
   192 | D        | Reached skill level 5 in Fighting
   192 | D        | Reached skill level 5 in Dodging
   192 | D        | Gained mutation: Your movements are slightly less
                  | encumbered by armour. (ER -2) [demonic ancestry]
   192 | D        | Reached XP level 3. HP: 3/34 MP: 3/3
   192 | D        | Gained mutation: You have razor-sharp toenails. [demonic
                  | ancestry]
   192 | D        | Reached XP level 4. HP: 4/40 MP: 4/4
   460 | D        | Noticed Sigmund
   488 | D        | Killed Sigmund
   488 | D        | Reached skill level 7 in Fighting
   488 | D        | Reached skill level 5 in Armour
   488 | D        | Gained mutation: A weak demonic guardian rushes to your
                  | aid. [demonic ancestry]
   488 | D        | Reached XP level 5. HP: 44/48 MP: 5/5
   488 | D        | Identified a scroll of acquirement
   489 | D        | Identified the amulet "Naimiehef" {+Rage rElec rC- rN+
                  | SInv} (You acquired it in the Dungeon)
   510 | D        | Found a shimmering blue altar of Sif Muna.
   511 | D        | Found an ornate altar of the Wu Jian Council.
   512 | D        | Found a radiant altar of Vehumet.
   515 | D        | Gained mutation: You are partially covered in sharp spines.
                  | [demonic ancestry]
   515 | D        | Reached XP level 6. HP: 56/56 MP: 6/6
   533 | D        | Found Onyuthepp's General Store.
   533 | D        | Found an ancient bone altar of Kikubaaqudgha.
   533 | D        | Found a hazy altar of Hepliaklqana.
   533 | D        | Found a hide-covered altar of Uskayaw.
   533 | D        | Found a basalt altar of Yredelemnul.
   533 | D        | Found an opulent altar of Gozag.
   533 | D        | Found a snail-covered altar of Cheibriados.
   533 | D        | Found a sacrificial altar of Ru.
   533 | D        | Found a shadowy altar of Dithmenos.
   533 | D        | Noticed a yak
   540 | D        | Killed a yak
   540 | D        | Reached skill level 8 in Fighting
   541 | D        | Found a stormy altar of Qazlal.
   541 | D        | Found a blossoming altar of Fedhas.
   541 | D        | Found a bloodstained altar of Trog.
   541 | D        | Found an iron altar of Okawaru.
   541 | D        | Found a glowing golden altar of the Shining One.
   541 | D        | Found a glowing silver altar of Zin.
   541 | D        | Found a white marble altar of Elyvilon.
   544 | D        | Found a sparkling altar of Nemelex Xobeh.
   550 | D        | Became a worshipper of Gozag Ym Sagoz the Greedy
   591 | D        | Killed a gargoyle
   618 | D        | Noticed Sonja
   641 | D        | Killed Sonja
   641 | D        | Reached skill level 10 in Fighting
   641 | D        | Gained mutation: You have claws for feet. [demonic
                  | ancestry]
   641 | D        | Reached XP level 7. HP: 14/66 MP: 7/7
   899 | D        | Found Vefeaf's Food Boutique.
   920 | D        | Noticed a deep troll
   931 | D        | Slain by a deep troll

Skill      XL: |  1  2  3  4  5  6 |
---------------+-------------------+-----
Fighting       | 4 5 7 10 | 10.2
Dodging        | 4 5 7 8 |  8.3
Armour         | 3 5 8 |  8.4
Shields        | 4 |  4.7
Maces & Flails | |  0.8
Stealth        | |  3.0

Action                   |  1- 3 |  4- 6 |  7- 9 || total
-------------------------+-------+-------+-------++-------
Melee: Unarmed           |    10 |       |       ||    10
       Whip              |     2 |       |       ||     2
       Dagger            |     4 |    22 |       ||    26
       Short sword       |       |    11 |     6 ||    17
       Kick              |       |       |     2 ||     2
 Fire: Blowgun           |       |       |     3 ||     3
  Use: Potion            |     3 |     1 |       ||     4
       Scroll            |       |     2 |       ||     2
 Stab: Distracted        |       |     1 |       ||     1
Armor: Skin              |     3 |       |       ||     3
       Robe              |     2 |       |       ||     2
       Chain mail        |       |     8 |     1 ||     9
Dodge: Dodged            |    10 |    13 |     1 ||    24
Block: Medium shield     |       |     5 |     5 ||    10
